Map: Overgrown Facility

Players

PanNic

  • Race: Zerg Zerg
  • Spawn Location: 3:00

Shulk

  • Race: Protoss Protoss
  • Spawn Location: 1:00

Blackhalo - Winner!

  • Race: Zerg Zerg
  • Spawn Location: 9:00

Ballzie - Winner!

  • Race: Protoss Protoss
  • Spawn Location: 7:00

VOD

Have the link to the VOD?

Description

2v2 PZ vs PZ

Time

  • Played on: April 13, 2024, 11:55 p.m.
  • Length: 22:25
Show
View Real Time Build Order
Export as new Build Order

PanNic Zerg 

Build Orders: Hatch First 

Get SALT Encoding   

  12  0:01  Drone  
  13  0:09  Drone  
  14  0:17  Overlord  
  14  0:29  Drone, Extractor  
  15  0:36  Drone x2  
  17  0:59  Hatchery  
  17  1:02  Drone  
  17  1:03  Drone  
  18  1:11  Drone  
  19  1:21  Spawning Pool  
  19  1:25  Drone, Extractor  
  17  1:28  Drone  
  19  2:07  Zergling x2  
  19  2:08  Zergling x4  
  22  2:10  Queen  
  22  2:12  Zergling x2, Hatchery  
  24  2:19  Zergling x2  
  25  2:25  Metabolic Boost  
  25  2:26  Zergling x2  
  26  2:32  Zergling x2  
  26  2:33  Zergling x2  
  28  2:52  Overlord  
  28  3:09  Queen  
  28  3:10  Drone x3, Overlord  
  33  3:19  Zergling x4  
  35  3:29  Drone x3  
  37  3:35  Drone x2  
  33  3:52  Drone, Zergling x8  
  33  3:53  Drone  
  39  3:57  Drone x2  
  39  4:01  Drone  
  42  4:05  Drone  
  43  4:11  Drone x2  
  45  4:18  Drone x2  
  45  4:21  Drone  
  48  4:29  Overlord  
  48  4:30  Overlord  
  48  4:36  Drone  
  48  4:37  Overlord x2  
  49  4:46  Queen  
  40  5:05  Spore Crawler  
  38  5:10  Spore Crawler  
  38  5:11  Drone x10  
  38  5:13  Drone  
  48  5:23  Queen  
  50  5:37  Drone x4  
  50  5:38  Drone x3  
  50  5:40  Drone  
  58  5:47  Extractor  
  57  5:50  Extractor  
  56  6:01  Lair, Extractor  
  53  6:29  Spore Crawler  
  52  6:36  Hatchery  
  51  6:40  Drone x2  
  51  6:41  Drone x6  
  51  6:42  Drone x6  
  51  6:43  Drone, Hatchery  
  65  7:02  Hydralisk Den  
  65  7:06  Spire  
  63  7:09  Evolution Chamber  
  63  7:10  Evolution Chamber  
  63  7:11  Drone x4  
  63  7:12  Drone x2  
  63  7:14  Extractor  
  66  7:16  Extractor  
  66  7:18  Queen  
  66  7:22  Overlord  
  67  7:23  Overlord  
  67  7:25  Grooved Spines  
  67  7:47  Hydralisk x3  
  67  7:48  Hydralisk x3  
  67  7:49  Hydralisk  
  81  8:02  Zerg Ground Armor Level 1, Zerg Missile Weapons Level 1  
  81  8:04  Hydralisk x2  
  85  8:06  Zergling x2  
  85  8:07  Zergling x2  
  85  8:08  Zergling x2  
  85  8:10  Zergling x2  
  85  8:12  Drone x2  
  91  8:17  Drone x3  
  94  8:25  Drone  
  94  8:26  Drone x2  
  97  8:27  Drone  
  97  8:28  Drone  
  97  8:29  Muscular Augments  
  97  8:33  Spore Crawler, Overseer x2  
  98  8:41  Infestation Pit  
  98  8:44  Zerg Flyer Weapons Level 1  
  97  8:55  Extractor  
  96  8:58  Extractor  
  96  8:59  Drone x6  
  96  9:00  Drone x6  
  107  9:03  Queen  
  107  9:06  Overlord  
  107  9:09  Overlord  
  109  9:10  Overlord  
  109  9:15  Pneumatized Carapace  
  101  9:37  Hydralisk x7  
  101  9:38  Hydralisk x3  
  108  9:40  Zergling x6  
  108  9:41  Zergling x2  
  110  9:52  Overlord x6  
  106  9:54  Overlord  
  92  10:07  Hydralisk Den, Overlord x6  
  78  10:14  Spawning Pool  
  71  10:45  Spawning Pool, Hydralisk x8  
  71  10:46  Hydralisk x5  
  83  10:58  Hydralisk x4  
  84  11:06  Hydralisk  
  70  11:42  Hydralisk x8  
  70  11:43  Hydralisk x2  
  88  11:47  Hydralisk  
  51  12:21  Hydralisk x2  
  51  12:22  Hydralisk x4  
  35  12:44  Spawning Pool  
  19  12:52  Lurker Den  
  19  12:57  Extractor  
  17  13:01  Extractor  
  17  13:03  Overlord  
  17  13:04  Overlord x2  
  16  13:33  Drone x4  
  20  13:47  Drone x2  
  22  14:07  Lurker  
  23  14:18  Spore Crawler  
  23  14:21  Lurker, Spore Crawler  
  22  14:32  Drone x2  
  22  14:33  Drone  
  25  14:53  Hatchery  
  24  16:14  Lair  
  24  16:17  Drone x2  
  27  16:32  Drone  
  27  17:15  Hatchery  
  26  17:16  Lurker  
  27  17:29  Drone x4  
  31  17:42  Hydralisk Den  
  31  17:43  Drone  
  31  18:14  Hatchery  
  31  18:15  Hydralisk  
  32  18:28  Drone x2  
  32  18:29  Drone  
  32  18:32  Drone  
  36  18:39  Drone  
  36  18:40  Drone  
  38  18:49  Hydralisk  
  38  18:53  Drone  
  41  19:11  Spore Crawler  
  41  19:14  Spore Crawler  
  41  19:15  Drone, Spore Crawler  
  41  19:16  Drone x2  
  41  19:19  Drone  
  41  19:22  Drone  
  43  19:24  Drone  
  44  19:36  Hydralisk x2  
  48  19:40  Hydralisk  
  50  19:58  Evolution Chamber  
  49  20:00  Evolution Chamber  
  49  20:03  Extractor  
  49  20:06  Extractor  
  42  20:32  Hydralisk x5  
  50  20:39  Hydralisk x2  
  54  20:44  Drone x2  
  54  21:00  Infestation Pit  
  54  21:02  Hydralisk x4  
  61  21:08  Hydralisk x2  
  65  21:12  Lurker x4  
  30  21:53  Overseer  
  30  21:54  Overseer  
  28  21:57  Hydralisk x6  
Show
View Real Time Build Order
Export as new Build Order

Shulk Protoss 

Build Orders: Blink Stalkers 

Get SALT Encoding   

  12  0:00  Probe  
  13  0:13  Probe  
  14  0:18  Pylon  
  14  0:25  Probe  
  15  0:37  Probe  
  15  0:41  Gateway  
  16  0:49  Probe  
  17  0:50  Assimilator  
  17  1:01  Probe  
  18  1:13  Probe  
  19  1:25  Probe  
  20  1:37  Probe  
  21  1:43  Cybernetics Core  
  21  1:44  Pylon  
  21  1:49  Probe  
  22  2:01  Probe  
  22  2:05  Pylon  
  22  2:07  Assimilator  
  23  2:09  Adept  
  23  2:14  Probe, Gateway  
  24  2:16  Warp Gate (Chrono Boost)  
  26  2:24  Shield Battery  
  26  2:30  Pylon  
  26  2:39  Twilight Council  
  26  2:59  Adept  
  28  3:12  Nexus  
  28  3:13  Blink (Chrono Boost)  
  28  3:15  Pylon  
  28  3:27  Stalker  
  30  3:41  Robotics Facility  
  30  3:44  Probe  
  31  4:01  Sentry  
  33  4:05  Probe  
  34  4:17  Probe  
  34  4:23  Gateway  
  35  4:25  Gateway  
  35  4:26  Pylon, Observer  
  35  4:29  Probe (Chrono Boost)  
  37  4:40  Probe (Chrono Boost)  
  39  4:47  Probe (Chrono Boost)  
  39  4:50  Probe (Chrono Boost)  
  39  4:51  Charge  
  40  4:54  Probe x2 (Chrono Boost)  
  42  5:03  Stalker  
  42  5:04  Stalker  
  42  5:06  Probe  
  47  5:18  Probe  
  48  5:24  Dark Shrine  
  48  5:26  Probe  
  49  5:30  Probe  
  49  5:32  Assimilator  
  50  5:36  Assimilator  
  50  5:37  Warp Prism (Chrono Boost)  
  50  5:38  Probe  
  50  5:40  Pylon  
  54  5:42  Probe  
  54  5:47  Gateway  
  54  5:48  Gateway  
  54  5:52  Gateway  
  54  5:55  Pylon  
  54  6:17  Nexus  
  54  6:19  Pylon  
  54  6:25  Immortal (Chrono Boost)  
  58  6:39  Forge  
  58  6:40  Forge  
  58  6:41  Pylon  
  58  6:56  Probe  
  58  6:59  Probe  
  60  7:08  Probe  
  61  7:11  Probe  
  62  7:20  Probe  
  63  7:23  Probe  
  63  7:26  Dark Templar x2  
  68  8:03  Protoss Ground Armor Level 1 (Chrono Boost), Protoss Ground Weapons Level 1 (Chrono Boost)  
  66  8:06  Stalker x4  
  66  8:07  Stalker x2  
  76  8:15  Immortal  
  76  8:19  Probe  
  81  8:21  Probe  
  81  8:23  Probe  
  81  8:26  Assimilator  
  83  8:28  Assimilator  
  83  8:31  Probe, Shield Battery  
  83  8:33  Zealot x4, Probe, Shield Battery  
  83  8:34  Zealot  
  95  8:35  Zealot, Probe  
  95  8:37  Pylon  
  98  8:43  Probe  
  98  8:45  Gateway  
  98  8:46  Gateway  
  98  8:47  Probe  
  100  8:49  Pylon  
  100  9:07  Dark Templar x2  
  100  9:08  Zealot x3  
  110  9:10  Stalker  
  110  9:11  Nexus  
  110  9:12  Pylon  
  68  9:37  Dark Templar  
  68  9:38  Dark Templar  
  62  10:02  Stalker x4  
  61  10:10  Stalker x3  
  61  10:48  Zealot x5  
  61  10:49  Zealot x3  
  77  11:01  Protoss Ground Armor Level 2 (Chrono Boost)  
  77  11:02  Protoss Ground Weapons Level 2 (Chrono Boost)  
  69  11:08  Immortal  
  59  11:11  Probe  
  59  11:15  Probe, Assimilator  
  59  11:17  Probe  
  59  11:18  Assimilator  
  57  11:20  Dark Templar x3  
  57  11:21  Dark Templar  
  57  11:22  Zealot x4  
  57  11:23  Probe  
  56  11:27  Probe  
  56  11:29  Probe  
  54  11:35  Probe  
  55  11:48  Archon  
  55  11:50  Archon  
  55  11:57  Robotics Bay  
  55  11:58  Zealot x4  
  55  11:59  Zealot x4  
  71  12:06  Probe  
  72  12:18  Immortal (Chrono Boost), Probe  
  72  12:20  Probe  
  72  12:22  Probe  
  79  12:27  Dark Templar x2  
  77  12:32  Probe  
  77  12:34  Probe  
  77  12:44  Probe  
  77  12:46  Probe  
  78  12:54  Disruptor (Chrono Boost)  
  78  12:55  Dark Templar x2  
  78  12:56  Zealot x3, Probe  
  78  12:57  Zealot  
  94  13:07  Probe (Chrono Boost)  
  94  13:08  Probe (Chrono Boost)  
  94  13:09  Probe (Chrono Boost)  
  94  13:10  Stalker  
  100  13:20  Probe (Chrono Boost)  
  100  13:22  Disruptor  
  100  13:23  Probe (Chrono Boost)  
  100  13:24  Probe (Chrono Boost)  
  105  13:28  Probe (Chrono Boost)  
  105  13:32  Probe x3 (Chrono Boost)  
  97  13:42  Probe  
  92  13:48  Archon  
  92  13:52  Stalker x2  
  92  13:53  Stalker x6  
  92  13:55  Probe  
  104  14:11  Probe (Chrono Boost)  
  105  14:23  Probe (Chrono Boost)  
  107  14:27  Protoss Ground Weapons Level 3 (Chrono Boost)  
  107  14:28  Protoss Ground Armor Level 3 (Chrono Boost), Probe (Chrono Boost)  
  107  14:29  Probe (Chrono Boost)  
  109  14:33  Probe (Chrono Boost), Extended Thermal Lance  
  109  14:36  Probe (Chrono Boost)  
  111  14:38  Probe (Chrono Boost)  
  111  14:40  Probe (Chrono Boost)  
  111  14:41  Probe (Chrono Boost)  
  111  14:42  Robotics Facility  
  113  14:47  Probe  
  113  14:49  Probe  
  116  14:52  Probe  
  116  14:59  Probe  
  117  15:00  Warp Prism (Chrono Boost)  
  117  15:05  Probe  
  120  15:11  Probe  
  121  15:17  Assimilator  
  111  15:29  Disruptor  
  84  15:40  Stalker  
  84  15:41  Stalker x6  
  84  15:42  Stalker  
  52  16:14  Stalker x6  
  52  16:15  Stalker  
  66  16:22  Disruptor x2  
  74  16:27  Probe  
  47  17:06  Dark Templar x4  
  47  17:07  Dark Templar  
  41  17:33  Dark Templar x2  
  39  18:09  Cybernetics Core  
  38  19:16  Stalker  
  33  19:55  Archon x2  
  33  19:56  Archon  
Show
View Real Time Build Order
Export as new Build Order

Blackhalo Zerg - Winner!

Build Orders: Pool First 

Get SALT Encoding   

  12  0:03  Drone  
  13  0:10  Extractor  
  13  0:13  Drone  
  13  0:16  Drone  
  14  0:25  Overlord  
  14  0:43  Spawning Pool  
  14  0:45  Drone  
  14  0:50  Drone  
  14  0:54  Drone  
  16  1:03  Drone  
  17  1:09  Drone  
  18  1:18  Drone  
  19  1:31  Zergling x2  
  20  1:50  Zergling x2  
  21  1:55  Metabolic Boost  
  21  2:03  Drone  
  21  2:05  Overlord  
  21  2:06  Hatchery  
  21  2:35  Zergling x6  
  24  2:40  Queen  
  25  3:12  Zergling x6  
  28  3:17  Hatchery  
  27  3:25  Drone  
  27  3:26  Drone  
  23  3:51  Zergling x2  
  23  3:52  Zergling x8  
  28  3:58  Lair  
  28  4:09  Drone x3  
  33  4:10  Drone x2  
  33  4:33  Drone  
  33  4:34  Drone x7  
  41  4:45  Extractor  
  39  4:55  Extractor  
  39  4:57  Extractor  
  39  4:58  Pneumatized Carapace  
  39  4:59  Overlord  
  37  5:00  Overlord  
  37  5:03  Zergling x8  
  37  5:05  Overlord x2  
  37  5:06  Overlord  
  34  17:02  Hatchery  
  33  18:35  Drone x3  
  33  18:39  Drone  
  33  18:40  Drone x2  
  39  18:48  Drone x5  
  40  18:49  Drone x2  
  47  19:24  Zergling x12  
  47  19:25  Zergling x12  
  57  20:31  Drone  
  57  20:32  Drone x11  
Show
View Real Time Build Order
Export as new Build Order

Ballzie Protoss - Winner!

Build Orders: 1 Gate Expand, Oracle Opening 

Get SALT Encoding   

  12  0:00  Probe  
  13  0:12  Probe  
  14  0:18  Pylon  
  14  0:32  Probe  
  15  0:40  Gateway  
  15  0:45  Probe (Chrono Boost)  
  15  0:47  Assimilator  
  16  0:56  Probe (Chrono Boost)  
  17  1:01  Probe (Chrono Boost)  
  19  1:11  Probe  
  19  1:31  Probe  
  20  1:38  Nexus  
  19  1:47  Cybernetics Core  
  19  1:54  Pylon  
  19  1:56  Probe (Chrono Boost)  
  20  2:06  Assimilator  
  20  2:14  Gateway  
  20  2:16  Probe  
  21  2:30  Stalker  
  21  2:32  Warp Gate  
  23  2:37  Probe (Chrono Boost)  
  24  2:46  Probe (Chrono Boost)  
  24  2:49  Stargate  
  25  2:51  Probe (Chrono Boost)  
  25  2:55  Pylon  
  26  3:02  Stalker  
  28  3:11  Stalker  
  30  3:17  Probe x2 (Chrono Boost)  
  33  3:27  Probe (Chrono Boost)  
  33  3:32  Oracle  
  34  3:51  Stalker x2  
  38  4:07  Gateway  
  38  4:10  Forge  
  38  4:24  Oracle  
  41  5:08  Photon Cannon  
  41  5:11  Photon Cannon, Gateway  
  41  5:14  Phoenix (Chrono Boost)  
  41  5:18  Stalker x3  
  49  5:28  Stargate  
  49  5:30  Stargate, Phoenix (Chrono Boost), Probe  
  49  5:31  Probe  
  49  5:32  Pylon  
  53  5:35  Pylon  
  53  5:37  Pylon  
  53  5:39  Pylon  
  53  5:40  Pylon  
  53  5:43  Probe  
  54  5:50  Probe  
  54  5:55  Probe  
  56  6:02  Probe  
  57  6:22  Void Ray (Chrono Boost)  
  57  6:23  Void Ray x2 (Chrono Boost)  
  69  6:25  Zealot x2  
  69  6:26  Zealot x2  
  77  6:44  Gateway  
  77  6:45  Gateway  
  77  6:46  Gateway  
  77  6:49  Gateway  
  77  6:51  Gateway  
  77  6:53  Gateway  
  77  6:55  Twilight Council  
  77  6:58  Void Ray (Chrono Boost), Gateway  
  85  7:01  Gateway  
  85  7:04  Pylon  
  85  7:05  Phoenix (Chrono Boost), Void Ray (Chrono Boost)  
  85  7:06  Pylon  
  85  7:07  Probe x2  
  89  7:08  Pylon  
  89  7:10  Pylon  
  89  7:12  Pylon  
  89  7:14  Pylon  
  89  7:15  Pylon  
  89  7:17  Pylon  
  89  7:19  Probe x2  
  89  7:20  Charge (Chrono Boost)  
  91  7:28  Nexus  
  91  7:31  Probe x2  
  93  7:37  Zealot x3  
  93  7:38  Zealot  
  93  7:43  Probe x2  
  103  7:45  Zealot x4  
  104  7:52  Robotics Facility  
  104  7:55  Probe  
  98  8:11  Assimilator  
  96  8:13  Assimilator  
  96  8:15  Zealot x2, Protoss Ground Weapons Level 1 (Chrono Boost)  
  96  8:16  Zealot x3  
  96  8:17  Zealot  
  108  8:23  Zealot x3  
  108  8:24  Zealot x3  
  120  8:31  Void Ray (Chrono Boost)  
  124  8:39  Zealot x4  
  124  8:41  Warp Prism  
  134  8:58  Pylon  
  134  9:00  Pylon  
  134  9:02  Pylon  
  134  9:04  Pylon  
  71  9:57  Zealot x2  
  71  9:58  Zealot x6  
  71  9:59  Zealot  
  81  10:10  Zealot x3  
  85  10:18  Zealot x2  
  85  10:19  Zealot x5  
  85  10:20  Zealot x2  
  101  10:42  Zealot x3  
  103  10:43  Zealot x5  
  103  10:44  Zealot x3  
  103  10:45  Zealot  
  123  11:04  Zealot  
  123  11:05  Zealot x8  
  123  11:06  Zealot x3  
  121  11:31  Zealot  
  121  11:32  Zealot x5  
  124  11:33  Zealot x3  
  106  12:48  Void Ray (Chrono Boost)  
  106  12:49  Void Ray x2 (Chrono Boost)  
  118  13:01  Immortal (Chrono Boost), Zealot x4  
  118  13:02  Zealot x6  
  142  13:08  Pylon  
  142  13:10  Pylon  
  154  13:24  Void Ray x2  
  154  13:25  Void Ray  
  84  13:59  Immortal (Chrono Boost)  
  86  14:05  Zealot x2  
  86  14:06  Zealot x7  
  86  14:07  Zealot x2  
  96  14:18  Zealot  
  94  14:30  Zealot  
  94  14:31  Immortal, Zealot x6  
  100  14:32  Zealot x4  
  100  14:33  Protoss Ground Weapons Level 2 (Chrono Boost)  
  56  16:06  Zealot x2, Warp Prism (Chrono Boost)  
  56  16:07  Zealot x7  
  70  16:28  Probe  
  70  16:29  Probe x2  
  73  16:33  Assimilator  
  73  16:34  Warp Prism  
  73  16:35  Zealot, Assimilator  
  73  16:36  Zealot x7  
  73  16:37  Zealot x4  
  99  16:40  Probe  
  99  16:41  Probe x2  
  102  16:52  Probe  
  102  16:53  Probe x2  
  93  17:04  Probe  
  93  17:05  Probe x2  
  93  17:07  Zealot x5  
  93  17:08  Zealot x5  
  116  17:16  Probe  
  116  17:17  Probe x2  
  87  17:40  Zealot  
  87  17:41  Zealot x7  
  87  17:42  Zealot x4  
  77  17:48  Observer (Chrono Boost)  
  69  17:58  Probe x3  
  67  18:01  Void Ray  
  67  18:10  Probe x2  
  71  18:29  Void Ray  
  71  18:55  Zealot  
  71  18:56  Zealot x6  
  71  18:57  Zealot x5  
  95  19:18  Stalker x6  
  95  19:19  Stalker  
  109  19:38  Observer  
  99  19:44  Zealot x4  
  99  19:45  Zealot x7  
  114  20:06  Stalker x2  
  118  20:09  Zealot x6  
  118  20:10  Zealot x4  
  102  20:59  Zealot x4  
  102  21:00  Zealot x5  
  120  21:15  Zealot x3  
  104  21:44  Observer  
  104  21:46  Zealot x3  
  104  21:47  Zealot x6  
  110  21:48  Zealot x3  
  113  22:20  Zealot x3  
  113  22:21  Zealot x6  
Tags
 
Add a new tag
Caveats
  • Supply blocks, unpowered buildings, or Contaminate may cause inaccurate times.
  • Supply counts are checked every 10 seconds.